[ AOE2 MATCH · #505417463 ]
UnrankedCumans vs Malay
Player's team · WIN
Rival team · LOSS
[ REPLAY ANALYSIS · EXTRACTED FROM THE RECORDED GAME ]
Feudal
10:13
Castle
24:08
Imperial
43:27
| APM avg | 62.4 |
| APM peak | 121 |
| eAPM avg | 42.8 |
| Villagers / military | 227 / 190 |
Focus
⚔️ 35.2% · 🌾 64.8%
Steppe Lancer ×92 · Knight ×69 · Scout Cavalry ×17 · Battering Ram ×7 · Mangonel ×5
Feudal
9:07
Castle
21:36
Imperial
30:43
| APM avg | 52.9 |
| APM peak | 80 |
| eAPM avg | 27.9 |
| Villagers / military | 144 / 167 |
Focus
⚔️ 53.0% · 🌾 47.0%
Archer ×158 · Bombard Cannon ×4 · Mangonel ×2 · Trebuchet (Packed) ×2 · Scorpion ×1
Match map
Initial resources + every placement click. Lines = walls · curves = elevation contours. ◆ gold · ⬟ stone · ● berries · ✦ relic · ◌ wall gap
Your base· ✓ Closed at 24:08 · 42t walls · no gate
SHell | forvin's base· Open — opponent sealed themselves in
Smoothed initial terrain · ◌ = detected wall gap · hover for details
Inputs per minute
— Liêm học IT - - SHell | forvin
Build order — Liêm học IT
First 150 of 564 actions detected
| 0:02 | Queue | Villager (Male) ×4 |
| 0:02 | Queue | Villager (Male) ×4 |
| 0:03 | Build | House |
| 0:04 | Build | House |
| 1:24 | Queue | Villager (Male) |
| 1:24 | Queue | Villager (Male) |
| 1:56 | Queue | Villager (Male) |
| 1:56 | Queue | Villager (Male) |
| 2:11 | Build | Lumber Camp |
| 2:38 | Queue | Villager (Male) |
| 2:39 | Queue | Villager (Male) |
| 2:39 | Queue | Villager (Male) |
| 3:05 | Queue | Villager (Male) |
| 3:05 | Queue | Villager (Male) |
| 3:37 | Build | House |
| 3:37 | Queue | Villager (Male) |
| 3:38 | Queue | Villager (Male) |
| 3:47 | Queue | Villager (Male) |
| 3:48 | Queue | Villager (Male) |
| 4:16 | Queue | Villager (Male) |
| 4:16 | Queue | Villager (Male) |
| 5:09 | Queue | Villager (Male) |
| 5:10 | Queue | Villager (Male) |
| 5:10 | Queue | Villager (Male) |
| 5:10 | Queue | Villager (Male) |
| 5:13 | Build | Palisade Wall |
| 5:17 | Build | House |
| 5:37 | Queue | Villager (Male) |
| 5:38 | Queue | Villager (Male) |
| 5:52 | Queue | Villager (Male) |
| 5:55 | Research | Loom |
| 5:55 | Research | Loom |
| 5:55 | Research | Loom |
| 6:06 | Build | Palisade Wall |
| 6:07 | Build | Palisade Wall |
| 6:11 | Queue | Villager (Male) |
| 6:12 | Queue | Villager (Male) |
| 6:15 | Build | Mill |
| 6:15 | Queue | Villager (Male) |
| 6:16 | Queue | Villager (Male) |
| 6:50 | Build | Palisade Wall |
| 6:56 | Build | Palisade Wall |
| 7:43 | Build | House |
| 7:58 | Research | Feudal Age |
| 7:59 | Research | Feudal Age |
| 7:59 | Research | Feudal Age |
| 8:51 | Build | House |
| 9:23 | Build | Palisade Wall |
| 9:44 | Build | Palisade Wall |
| 9:45 | Build | Palisade Wall |
| 9:45 | Build | Palisade Wall |
| 10:13 | Age | Feudal Age |
| 10:17 | Build | Town Center |
| 10:17 | Queue | Villager (Male) |
| 10:17 | Queue | Villager (Male) |
| 10:18 | Queue | Villager (Male) |
| 10:32 | Research | Double-Bit Axe |
| 10:36 | Build | House |
| 10:39 | Queue | Villager (Male) |
| 11:01 | Queue | Villager (Male) |
| 11:11 | Queue | Villager (Male) |
| 11:16 | Build | Palisade Wall |
| 11:22 | Build | Palisade Wall |
| 11:27 | Build | Farm |
| 11:29 | Queue | Villager (Male) |
| 11:37 | Research | Wheelbarrow |
| 11:42 | Build | Farm |
| 11:52 | Queue | Villager (Male) |
| 11:53 | Build | Farm |
| 12:06 | Queue | Villager (Male) |
| 12:27 | Build | House |
| 12:28 | Build | House |
| 12:31 | Queue | Villager (Male) |
| 12:31 | Queue | Villager (Male) |
| 12:32 | Queue | Villager (Male) |
| 12:39 | Build | Farm |
| 12:42 | Build | Farm |
| 12:56 | Build | House |
| 12:57 | Queue | Villager (Male) |
| 12:58 | Queue | Villager (Male) |
| 13:00 | Queue | Villager (Male) |
| 13:05 | Queue | Villager (Male) |
| 13:14 | Queue | Villager (Male) |
| 13:17 | Queue | Villager (Male) |
| 13:36 | Build | Watch Tower |
| 13:39 | Queue | Villager (Male) |
| 13:40 | Queue | Villager (Male) |
| 13:52 | Queue | Villager (Male) |
| 13:52 | Queue | Villager (Male) |
| 13:53 | Queue | Villager (Male) |
| 13:53 | Queue | Villager (Male) |
| 13:53 | Queue | Villager (Male) |
| 14:07 | Queue | Villager (Male) |
| 14:15 | Queue | Villager (Male) |
| 14:22 | Build | House |
| 14:24 | Build | House |
| 14:29 | Build | House |
| 14:35 | Queue | Villager (Male) |
| 14:36 | Queue | Villager (Male) |
| 14:44 | Build | Farm |
| 14:46 | Build | Farm |
| 14:52 | Queue | Villager (Male) |
| 14:53 | Queue | Villager (Male) |
| 15:07 | Queue | Villager (Male) |
| 15:17 | Queue | Villager (Male) |
| 15:18 | Queue | Villager (Male) |
| 15:23 | Queue | Villager (Male) |
| 15:30 | Build | Watch Tower |
| 15:36 | Build | Blacksmith |
| 15:48 | Build | Farm |
| 16:13 | Queue | Villager (Male) |
| 16:13 | Queue | Villager (Male) |
| 16:15 | Build | Farm |
| 16:34 | Queue | Villager (Male) |
| 16:36 | Research | Fletching |
| 16:36 | Research | Fletching |
| 16:36 | Queue | Villager (Male) |
| 16:37 | Queue | Villager (Male) |
| 17:00 | Queue | Villager (Male) |
| 17:15 | Queue | Villager (Male) |
| 17:16 | Queue | Villager (Male) |
| 17:17 | Build | Farm |
| 17:22 | Build | Watch Tower |
| 17:29 | Build | Farm |
| 17:30 | Build | Farm |
| 17:41 | Queue | Villager (Male) |
| 17:53 | Queue | Villager (Male) |
| 17:53 | Queue | Villager (Male) |
| 17:53 | Queue | Villager (Male) |
| 17:55 | Build | Farm |
| 17:56 | Build | Farm |
| 18:01 | Build | Mining Camp |
| 18:03 | Build | House |
| 18:07 | Build | House |
| 18:08 | Build | House |
| 18:13 | Build | House |
| 18:14 | Build | Palisade Wall |
| 18:17 | Queue | Villager (Male) |
| 18:31 | Queue | Villager (Male) |
| 18:32 | Queue | Villager (Male) |
| 19:01 | Build | Lumber Camp |
| 19:03 | Build | Farm |
| 19:06 | Build | Market |
| 19:07 | Build | House |
| 19:11 | Queue | Villager (Male) |
| 19:11 | Queue | Villager (Male) |
| 19:17 | Queue | Villager (Male) |
| 19:19 | Queue | Villager (Male) |
| 19:28 | Build | Farm |
| 19:44 | Build | Farm |
Build order — SHell | forvin
First 150 of 433 actions detected
| 0:01 | Queue | Villager (Male) |
| 0:02 | Build | House |
| 0:04 | Build | House |
| 0:14 | Queue | Villager (Male) |
| 0:15 | Queue | Villager (Male) |
| 0:15 | Queue | Villager (Male) |
| 1:11 | Queue | Villager (Male) |
| 1:59 | Queue | Villager (Male) |
| 1:59 | Queue | Villager (Male) |
| 2:12 | Build | Lumber Camp |
| 2:15 | Queue | Villager (Male) |
| 2:50 | Queue | Villager (Male) |
| 3:15 | Queue | Villager (Male) |
| 3:15 | Queue | Villager (Male) |
| 3:34 | Queue | Villager (Male) |
| 3:34 | Queue | Villager (Male) |
| 3:58 | Queue | Villager (Male) |
| 3:58 | Queue | Villager (Male) |
| 4:06 | Build | House |
| 4:19 | Queue | Villager (Male) |
| 4:32 | Build | Palisade Gate |
| 4:41 | Research | Loom |
| 4:54 | Build | Palisade Wall |
| 4:56 | Build | Palisade Wall |
| 4:56 | Build | Palisade Wall |
| 4:58 | Build | Palisade Wall |
| 5:06 | Queue | Villager (Male) |
| 5:06 | Queue | Villager (Male) |
| 5:19 | Build | House |
| 5:27 | Queue | Villager (Male) |
| 5:44 | Queue | Villager (Male) |
| 5:46 | Build | Mill |
| 6:11 | Queue | Villager (Male) |
| 7:09 | Queue | Villager (Male) |
| 7:49 | Research | Feudal Age |
| 7:49 | Research | Feudal Age |
| 8:32 | Queue | Villager (Male) |
| 8:42 | Build | Barracks |
| 8:56 | Queue | Villager (Male) |
| 9:07 | Age | Feudal Age |
| 9:10 | Research | Double-Bit Axe |
| 9:17 | Queue | Villager (Male) |
| 9:40 | Queue | Villager (Male) |
| 9:42 | Build | House |
| 9:54 | Build | Archery Range |
| 10:15 | Build | Mining Camp |
| 10:37 | Queue | Villager (Male) |
| 10:49 | Queue | Archer |
| 10:49 | Queue | Archer |
| 10:57 | Queue | Villager (Male) |
| 11:03 | Queue | Villager (Male) |
| 11:20 | Queue | Archer |
| 11:40 | Queue | Villager (Male) |
| 11:48 | Build | Mill |
| 11:51 | Build | Farm |
| 11:55 | Build | House |
| 12:03 | Queue | Archer |
| 12:03 | Queue | Archer |
| 12:26 | Queue | Villager (Male) |
| 12:37 | Build | Watch Tower |
| 12:46 | Queue | Archer |
| 12:46 | Queue | Villager (Male) |
| 12:51 | Queue | Villager (Male) |
| 12:59 | Build | Farm |
| 13:00 | Build | Farm |
| 13:01 | Build | Farm |
| 13:03 | Build | Farm |
| 13:06 | Build | Farm |
| 13:24 | Build | House |
| 13:25 | Build | House |
| 13:32 | Build | Mining Camp |
| 13:36 | Queue | Villager (Male) |
| 13:37 | Queue | Archer |
| 13:37 | Queue | Archer |
| 13:45 | Build | House |
| 13:46 | Build | House |
| 13:47 | Build | Palisade Wall |
| 13:51 | Build | Palisade Wall |
| 13:56 | Queue | Archer |
| 13:56 | Queue | Archer |
| 14:01 | Queue | Villager (Male) |
| 14:27 | Build | Farm |
| 14:27 | Build | Farm |
| 14:44 | Build | Palisade Wall |
| 14:45 | Build | Palisade Wall |
| 14:45 | Build | Palisade Wall |
| 14:45 | Build | Palisade Wall |
| 14:46 | Build | Palisade Wall |
| 14:49 | Queue | Villager (Male) |
| 14:49 | Queue | Archer |
| 14:50 | Queue | Villager (Male) |
| 15:43 | Build | Watch Tower |
| 15:48 | Queue | Villager (Male) |
| 15:49 | Queue | Archer |
| 16:07 | Queue | Villager (Male) |
| 16:09 | Build | Blacksmith |
| 16:40 | Queue | Villager (Male) |
| 16:40 | Queue | Villager (Male) |
| 16:45 | Queue | Villager (Male) |
| 16:46 | Build | House |
| 16:53 | Build | Farm |
| 16:53 | Build | Farm |
| 16:53 | Build | Farm |
| 16:53 | Build | Farm |
| 16:55 | Research | Fletching |
| 17:09 | Queue | Villager (Male) |
| 17:13 | Queue | Villager (Male) |
| 17:18 | Build | Palisade Gate |
| 17:20 | Build | Palisade Wall |
| 17:22 | Queue | Villager (Male) |
| 17:44 | Queue | Villager (Male) |
| 17:59 | Build | Watch Tower |
| 18:08 | Queue | Villager (Male) |
| 18:21 | Build | Farm |
| 18:22 | Build | Farm |
| 18:29 | Build | House |
| 18:29 | Build | House |
| 18:32 | Build | Palisade Wall |
| 18:55 | Queue | Villager (Male) |
| 18:58 | Build | Farm |
| 19:09 | Queue | Villager (Male) |
| 19:11 | Build | Lumber Camp |
| 19:41 | Research | Castle Age |
| 20:06 | Queue | Villager (Male) |
| 20:24 | Build | Palisade Wall |
| 20:25 | Build | Palisade Wall |
| 20:26 | Build | Palisade Wall |
| 20:27 | Build | Palisade Wall |
| 21:01 | Queue | Archer |
| 21:02 | Queue | Archer |
| 21:02 | Queue | Archer |
| 21:02 | Queue | Archer |
| 21:24 | Build | House |
| 21:25 | Build | House |
| 21:36 | Age | Castle Age |
| 21:38 | Build | Watch Tower |
| 21:43 | Research | Bodkin Arrow |
| 21:46 | Queue | Villager (Male) |
| 21:47 | Research | Bow Saw |
| 21:52 | Research | Crossbowman (upgrade) |
| 22:14 | Build | Palisade Wall |
| 22:17 | Build | Palisade Wall |
| 22:18 | Build | Palisade Wall |
| 22:18 | Build | Palisade Wall |
| 22:33 | Queue | Villager (Male) |
| 22:49 | Queue | Villager (Male) |
| 22:51 | Queue | Archer |
| 22:52 | Queue | Archer |
| 23:04 | Queue | Villager (Male) |
| 23:08 | Queue | Villager (Male) |
Match timeline
| 4:54 | SHell | forvin · wall_segment Palisade Wall x1 |
| 4:56 | SHell | forvin · wall_segment Palisade Wall x1 |
| 4:56 | SHell | forvin · wall_segment Palisade Wall x1 |
| 4:58 | SHell | forvin · wall_segment Palisade Wall x1 |
| 5:13 | Liêm học IT · wall_segment Palisade Wall x1 |
| 6:06 | Liêm học IT · wall_segment Palisade Wall x1 |
| 6:07 | Liêm học IT · wall_segment Palisade Wall x1 |
| 6:50 | Liêm học IT · wall_segment Palisade Wall x1 |
| 6:56 | Liêm học IT · wall_segment Palisade Wall x1 |
| 8:42 | SHell | forvin · first_building Barracks |
| 9:07 | SHell | forvin · age_up feudal |
| 9:23 | Liêm học IT · wall_segment Palisade Wall x9 |
| 9:44 | Liêm học IT · wall_segment Palisade Wall x1 |
| 9:45 | Liêm học IT · wall_segment Palisade Wall x1 |
| 9:45 | Liêm học IT · wall_segment Palisade Wall x1 |
| 9:54 | SHell | forvin · first_building Archery Range |
| 10:13 | Liêm học IT · age_up feudal |
| 11:16 | Liêm học IT · wall_segment Palisade Wall x1 |
| 11:22 | Liêm học IT · wall_segment Palisade Wall x21 |
| 13:47 | SHell | forvin · wall_segment Palisade Wall x1 |
| 13:51 | SHell | forvin · wall_segment Palisade Wall x5 |
| 14:44 | SHell | forvin · wall_segment Palisade Wall x1 |
| 14:45 | SHell | forvin · wall_segment Palisade Wall x1 |
| 14:45 | SHell | forvin · wall_segment Palisade Wall x1 |
| 14:45 | SHell | forvin · wall_segment Palisade Wall x1 |
| 14:46 | SHell | forvin · wall_segment Palisade Wall x1 |
| 17:20 | SHell | forvin · wall_segment Palisade Wall x15 |
| 18:14 | Liêm học IT · wall_segment Palisade Wall x1 |
| 18:32 | SHell | forvin · wall_segment Palisade Wall x13 |
| 20:24 | SHell | forvin · wall_segment Palisade Wall x3 |
| 20:25 | SHell | forvin · wall_segment Palisade Wall x2 |
| 20:26 | SHell | forvin · wall_segment Palisade Wall x2 |
| 20:27 | SHell | forvin · wall_segment Palisade Wall x1 |
| 21:20 | Liêm học IT · first_market_buy 100 food |
| 21:35 | Liêm học IT · first_building Barracks |
| 21:36 | SHell | forvin · age_up castle |
| 22:14 | SHell | forvin · wall_segment Palisade Wall x3 |
| 22:17 | SHell | forvin · wall_segment Palisade Wall x2 |
| 22:18 | SHell | forvin · wall_segment Palisade Wall x3 |
| 22:18 | SHell | forvin · wall_segment Palisade Wall x1 |
| 22:39 | Liêm học IT · first_building Stable |
| 23:21 | Liêm học IT · wall_segment Palisade Wall x1 |
| 23:43 | Liêm học IT · wall_segment Palisade Wall x1 |
| 23:55 | Liêm học IT · first_building Siege Workshop |
| 24:03 | SHell | forvin · wall_segment Palisade Wall x10 |
| 24:08 | Liêm học IT · age_up castle |
| 25:35 | SHell | forvin · first_building Siege Workshop |
| 29:09 | Liêm học IT · first_market_sell 100 wood |
| 30:39 | SHell | forvin · first_market_sell 100 food |
| 30:43 | SHell | forvin · age_up imperial |
| 31:21 | SHell | forvin · wall_segment Palisade Wall x1 |
| 31:23 | SHell | forvin · wall_segment Palisade Wall x9 |
| 32:33 | SHell | forvin · wall_segment Palisade Wall x2 |
| 32:34 | SHell | forvin · wall_segment Palisade Wall x1 |
| 33:20 | SHell | forvin · first_market_buy 100 food |
| 33:41 | SHell | forvin · first_building Castle |
| 35:34 | Liêm học IT · first_building Castle |
| 43:27 | Liêm học IT · age_up imperial |
| 45:47 | SHell | forvin · first_building Monastery |
| 46:27 | SHell | forvin · resign |
[ AI ANALYSIS · 1 CREDIT ]
What really happened in this match?
Wolo.gg analyzes every decision: build order, eco, micro, common mistakes by bracket. Personalized analysis on WhatsApp or Discord in 30 seconds.
Civ guide
Cumans
Perfil
Jugador #14648183